 Dungeon Crawl Stone Soup version 0.25.1-2-g60ff931df9 (webtiles) character file.

Game seed: 1645218106358848657

36 Curus the Skirmisher (level 3, -6/31 HPs)
             Began as a Minotaur Abyssal Knight on Sept 1, 2020.
             Was a Follower of Lugonu.
             Splashed by a jelly's acid (9 damage)
             ... on level 1 of the Dungeon.
             The game lasted 00:02:48 (1025 turns).

Curus the Skirmisher (Minotaur Abyssal Knight)      Turns: 1025, Time: 00:02:49

Health: -6/31      AC:  1    Str: 18    XL:     3   Next: 19%
Magic:  3/4        EV: 10    Int:  9    God:    Lugonu [*.....]
Gold:   16         SH:  0    Dex: 10    Spells: 2/2 levels left

rFire    . . .     SeeInvis .   a - +1 falchion
rCold    . . .     Gourm    .   (no shield)
rNeg     . . .     Faith    .   e - +0 ring mail
rPois    .         Spirit   .   (helmet restricted)
rElec    .         Reflect  .   (no cloak)
rCorr    .         Harm     .   (no gloves)
MR       .....                  (no boots)
Stlth    ..........             (no amulet)
HPRegen  0.10/turn              (no ring)
MPRegen  0.09/turn              (no ring)

@: corroded
A: retaliatory headbutt, claws 1, horns 2, blink, sense surroundings 1, strong 1
a: Blink, Depart the Abyss, Renounce Religion


You were on level 1 of the Dungeon.
You worshipped Lugonu.
Lugonu was aware of your devotion.
You were not hungry.

You visited 1 branch of the dungeon, and saw 1 of its levels.
You visited the Abyss 1 time.

You collected 16 gold pieces.

Inventory:

Hand Weapons
 a - a +1 falchion (weapon)
Armour
 b - a +1 leather armour
 e - a +0 ring mail (worn)
Scrolls
 f - 3 scrolls of identify
Comestibles
 c - 3 rations


   Skills:
 - Level 3.6 Fighting
 + Level 3.6 Long Blades
 - Level 2.4 Armour
 - Level 1.1 Dodging
 + Level 2.8 Invocations


You had 2 spell levels left.
You didn't know any spells.
Your spell library was empty.

Dungeon Overview and Level Annotations

Branches:
Dungeon (1/15)

Altars:


Innate Abilities, Weirdness & Mutations

You reflexively headbutt those who attack you in melee.
You have a pair of horns on your head.
You have sharp fingernails.
You can translocate small distances at will.
You passively map a small area around you.
Your muscles are strong. (Str +2)


Message History

The jelly hits you. The acid corrodes you!
You are splashed with acid!
You completely miss the giant cockroach.
The giant cockroach bites you.
You closely miss the giant cockroach. The giant cockroach closely misses you.
You hit the jelly.
Your claws burn!
* * * LOW HITPOINT WARNING * * *
The jelly is severely wounded.
The giant cockroach barely misses you. The jelly hits you but does no damage.
Unknown command.
You hit the jelly.
Your claws burn!
* * * LOW HITPOINT WARNING * * *
Your headbutt misses the jelly.
The jelly is severely wounded.
The giant cockroach waves its antennae.
The giant cockroach bites you.
* * * LOW HITPOINT WARNING * * *
The jelly hits you.
* * * LOW HITPOINT WARNING * * *
You are splashed with acid!
You die...

...#.## #...........##...#
...#..#####..#####.###...#
.(......................##
....#..###############..#
.)..#..#.............#..#
....#..#......J......#..#
....#..#,.....ww.... #..#
....#..#######r#######..#
###....#......sJ@....#..#
###..'⌠....###s...⌠+..#
#..#......<......#..#
#..#..⌠...>...⌠..#..#
#####..###+#######'###..#
....#...................#########
###'#.........(##................
.........#####.###.###..#########
...).....# #..##.# #.÷# #


You could see 2 worms, a jelly, an ooze, 2 giant cockroaches and a rat.

Vanquished Creatures
  An ufetubus (Abyss:1)
  5 giant cockroaches (D:1)
  6 hobgoblins (D:1)
  3 jackals (D:1)
  A bat (D:1)
  4 frilled lizards (D:1)
  5 goblins (D:1)
  A kobold (D:1)
  A rat (D:1)
27 creatures vanquished.

Notes
Turn   | Place    | Note
-------+----------+-------------------------------------------
     0 | Abyss:1  | Curus the Minotaur Abyssal Knight began the quest for the
                  | Orb.
     0 | Abyss:1  | Reached XP level 1. HP: 19/19 MP: 1/1
   112 | Abyss:1  | Noticed a thrashing horror
   113 | D:1      | Escaped the Abyss
   129 | D:1      | Found a runed translucent door.
   132 | D:1      | Noticed a jelly
   312 | D:1      | Reached XP level 2. HP: 26/26 MP: 2/2
   351 | D:1      | Gained mutation: You can translocate small distances at
                  | will. [potion of mutation]
   351 | D:1      | Gained mutation: You have sharp fingernails. [potion of
                  | mutation]
   351 | D:1      | Gained mutation: Your muscles are strong. (Str +2) [potion
                  | of mutation]
   351 | D:1      | Gained mutation: You passively map a small area around you.
                  | [potion of mutation]
   627 | D:1      | Reached * piety under Lugonu
  1009 | D:1      | Reached XP level 3. HP: 31/31 MP: 2/4
  1025 | D:1      | Splashed by a jelly's acid

Illustrated notes

Levels and vault maps discovered:
D:1:      dpeg_arrival_caged_fury, layout_basic, serial_curves, eino_curves_01,
          eino_curves_01, eino_curves_01

Skill      XL: |  1  2 |
---------------+-------+-----
Invocations    | 2 |  2.8
Long Blades    | 3 |  3.6
Fighting       | |  3.6
Armour         | |  2.4
Dodging        | |  1.1

Action                   || total
-------------------------++-------
Melee: Falchion          ||    74
       Headbutt          ||     9
Invok: Depart the Abyss  ||     1
  Use: Scroll            ||     4
       Potion            ||     3
Armor: Leather armour    ||     9
       Ring mail         ||    22
Dodge: Dodged            ||    37
       Rpst.: Falchion   ||    12
